 Dungeon Crawl Stone Soup version 0.23-a0-241-g3b46b07 (webtiles) character file.

1034 RoseArtemis the Cleaver (level 8, 0/71 HPs)
             Began as a Hill Orc Monk on Sept 26, 2018.
             Was a Believer of Beogh.
             Killed by nerve-wracking pain
             ... invoked by an orc priest
              (10 damage)
             ... on level 5 of the Dungeon.
             The game lasted 00:13:09 (5113 turns).

RoseArtemis the Cleaver (Hill Orc Monk)             Turns: 5113, Time: 00:13:10

Health: 0/71       AC: 14    Str: 16    XL:     8   Next: 24%
Magic:  8/8        EV: 10    Int: 10    God:    Beogh [**....]
Gold:   89         SH:  0    Dex: 13    Spells: 7/7 levels left

rFire    . . .     SeeInvis .   a - +0 war axe
rCold    . . .     Gourm    .   (no shield)
rNeg     . . .     Faith    .   h - +0 scale mail
rPois    .         Spirit   .   m - +2 helmet
rElec    .         Reflect  .   d - scarf {cloud immunity}
rCorr    .         Harm     .   e - +2 pair of gloves
MR       .....                  u - +0 pair of boots
Stlth    ..........             (no amulet)
HPRegen  0.21/turn              (no ring)
MPRegen  0.11/turn              (no ring)

@: very slightly contaminated
A: no striking features
a: Smiting, Renounce Religion


You were on level 5 of the Dungeon.
You worshipped Beogh.
Beogh was pleased with you.
You were not hungry.

You visited 1 branch of the dungeon, and saw 5 of its levels.

You collected 239 gold pieces.
You spent 150 gold pieces at shops.

Inventory:

Hand Weapons
 a - a +0 war axe (weapon)
Armour
 d - a scarf of cloud immunity (worn)
 e - a +2 pair of gloves (worn)
 h - a +0 scale mail (worn)
 m - a +2 helmet (worn)
 n - a +1 leather armour of cold resistance
 u - a +0 pair of boots (worn)
Wands
 i - a wand of flame (29)
Scrolls
 f - 4 scrolls of remove curse
 g - a scroll of vulnerability {unknown}
 q - a scroll of teleportation
Potions
 r - 2 potions of flight
 t - a potion of haste
Comestibles
 b - 3 chunks of flesh
 c - 10 rations


   Skills:
 + Level 6.7 Fighting
 * Level 9.5 Axes
 + Level 4.8 Armour
 - Level 2.4 Dodging
 - Level 1.5 Stealth


You had 7 spell levels left.
You didn't know any spells.
Your spell library was empty.

Dungeon Overview and Level Annotations

Branches:
Dungeon (5/15)
 Temple: D:4-7

Altars:
Dithmenos
Fedhas
Gozag
Kikubaaqudgha
Nemelex Xobeh
Okawaru
Sif Muna
Uskayaw
Zin

Shops:
D:5 *


Message History

The orc wizard is almost dead.
The orc wizard points at you and mumbles some strange words.
You resist with some effort.
You closely miss the orc wizard.
The orc wizard is almost dead.
You slash the orc wizard!
You kill the orc wizard!
Beogh accepts your kill.
You fade into invisibility!
You are very lightly contaminated with residual magic.
The orc priest mumbles some strange prayers to Beogh against something.
You struggle to resist.
The orc priest calls down the wrath of Beogh upon something.
The orc priest invokes the aid of Beogh against something.
You flicker for a moment.
You flicker back into view.
The orc priest mumbles some strange prayers to Beogh against you.
Pain shoots through your body!
You die...
Beogh appreciates the orc priest's killing of a heretic priest.

...# #.............#
###.####..#####.##.#.#
#........# #....#.#
##.#####.# ###..#.# #.#
#.# #..#.# #.# #.#
#..#.# #.## #.# #..#.#
#..# #.# ######### ##.#
#@# #......(# #.# #.#
#.⌠.⌠.⌠.# #.# #.##
#.......### #.# #..#
#<...../.)#
###.#####.####.......#.#
#.........o..#.⌠.⌠.⌠.#.#
#.#.#####.##.#.......#.#
# #.#.# #.##.#########.#
# #.#.# #.##.# #.#..#.#


You could see an orc priest.

Vanquished Creatures
  Grinder (D:3)
  3 ogres
  A centaur (D:5)
  A centaur zombie (D:4)
  An orc wizard (D:5)
  An orc priest (D:5)
  2 bullfrog skeletons
  6 worker ants
  A hound zombie (D:5)
  Robin (D:3)
  A gnoll (D:1)
  3 adders
  3 shadow imps (D:5)
  3 oozes (D:2)
  2 worms
  A dart slug (D:2)
  3 leopard geckos
  6 orcs
  8 giant cockroaches
  23 goblins
  14 hobgoblins
  7 jackals
  2 quokkas
  2 bats
  6 frilled lizards
  9 kobolds
  5 rats
  A rat zombie (D:2)
117 creatures vanquished.

Notes
Turn   | Place    | Note
-------+----------+-------------------------------------------
     0 | D:1      | RoseArtemis the Hill Orc Monk began the quest for the Orb.
     0 | D:1      | Reached XP level 1. HP: 19/19 MP: 1/1
   199 | D:1      | Reached XP level 2. HP: 20/27 MP: 2/2
   602 | D:1      | Reached skill level 1 in Armour
   632 | D:1      | Reached XP level 3. HP: 27/33 MP: 3/3
   902 | D:1      | Reached skill level 5 in Axes
  1242 | D:2      | Reached XP level 4. HP: 37/40 MP: 4/4
  1564 | D:2      | Found an ancient bone altar of Kikubaaqudgha.
  1944 | D:2      | Found a glowing silver altar of Zin.
  2132 | D:3      | Noticed an ogre
  2163 | D:2      | Killed an ogre
  2163 | D:2      | Reached skill level 6 in Axes
  2163 | D:2      | Reached XP level 5. HP: 3/47 MP: 5/5
  2472 | D:3      | Found a hide-covered altar of Uskayaw.
  2742 | D:3      | Found a sparkling altar of Nemelex Xobeh.
  2802 | D:3      | Noticed Grinder
  2802 | D:3      | Paralysed by Grinder for 5 turns
  2820 | D:3      | Noticed Robin
  2832 | D:3      | Killed Robin
  2832 | D:3      | Reached skill level 5 in Fighting
  2846 | D:3      | Killed Grinder
  2846 | D:3      | Reached skill level 7 in Axes
  2846 | D:3      | Reached XP level 6. HP: 12/56 MP: 6/6
  3128 | D:3      | Found an opulent altar of Gozag.
  3526 | D:4      | Reached XP level 7. HP: 58/61 MP: 7/7
  3572 | D:4      | Reached skill level 8 in Axes
  4007 | D:4      | Found a deep blue altar of Sif Muna.
  4022 | D:4      | Became a worshipper of Beogh the Brigand
  4022 | D:4      | Reached * piety under Beogh
  4022 | D:4      | Reached ** piety under Beogh
  4312 | D:5      | Entered Level 5 of the Dungeon
  4664 | D:5      | Found Wawiesum's Assorted Antiques.
  4665 | D:5      | Found an iron altar of Okawaru.
  4666 | D:5      | Found a shadowy altar of Dithmenos.
  4676 | D:5      | Reached skill level 9 in Axes
  4682 | D:5      | Reached XP level 8. HP: 41/71 MP: 8/8
  4837 | D:5      | Bought a pair of glowing gloves for 150 gold pieces
  4864 | D:5      | Found a blossoming altar of Fedhas.
  5083 | D:5      | HP: 3/71 [orc priest/divine providence (14)]
  5113 | D:5      | Killed from afar by an orc priest

Vault maps used:
D:1:      dpeg_arrival_rhombus
D:2:      nicolae_overflow_hidden_temple, lemuel_zombie_altar_kikubaaqudgha,
          minmay_misc_feat_plants, grunt_ministairs_6
D:3:      nemelex_xobeh_ov_fountains_minmay, marbit_many_paths,
          nicolae_gozag_cash_rules_everything_around_me, minmay_ogre_servants,
          uniq_robin, uniq_grinder
D:4:      nicolae_overflow_crystal_walls
D:5:      gammafunk_temple_overflow_pools, first_ration, serial_shops,
          nicolae_shop_trees, grunt_ministairs_3, fedhas_altar_3

Skill      XL: |  1  2  3  4  5  6  7 |
---------------+----------------------+-----
Armour         | 1 2 3 4 |  4.8
Fighting       | 4 5 6 |  6.7
Axes           | 5 6 7 9 |  9.5
Dodging        | |  2.4
Stealth        | |  1.5

Action                   |  1- 3 |  4- 6 |  7- 9 || total
-------------------------+-------+-------+-------++-------
Melee: Hand axe          |   123 |       |       ||   123
       War axe           |     3 |   156 |   115 ||   274
Invok: Convert to Beogh  |       |       |     1 ||     1
  Use: Scroll            |     1 |    12 |       ||    13
       Potion            |       |     1 |     2 ||     3
 Stab: Sleeping          |     2 |       |       ||     2
  Eat: Chunk             |     1 |     8 |     5 ||    14
Armor: Robe              |     4 |       |       ||     4
       Scale mail        |    29 |    75 |    48 ||   152
Dodge: Dodged            |    59 |   102 |    61 ||   222

Table legend:
 A = Non-vault XP
 B = Vault XP
 C = Vault XP percentage of total XP
 D = Non-vault monster count
 E = Vault monster count
 F = Vault count percentage of total count
                 A         B        C        D         E       F
            +---------+---------+-------+---------+---------+-------
      Total |    1025 |     453 |  30.6 |      91 |      26 |  22.2
            +---------+---------+-------+---------+---------+-------
        D:1 |      55 |       0 |   0.0 |      24 |       0 |   0.0
        D:2 |      58 |     149 |  72.0 |      24 |      12 |  33.3
        D:3 |      31 |     304 |  90.7 |      14 |      14 |  50.0
        D:4 |     366 |       0 |   0.0 |      10 |       0 |   0.0
        D:5 |     515 |       0 |   0.0 |      19 |       0 |   0.0
            +---------+---------+-------+---------+---------+-------
